NWL (28 & UNDER)
BISMARK BORDER GUARDS @ MOOSE JAW GHOSTBUSTERS
07/15/2023
 
TOP OF THE 1ST
Bismark Border Guards batting - Pitching for Moose Jaw Ghostbusters : RHP Rod Walters
Pitching: RHP Rod Walters
Batting: LHB Juan Viera 0-0: Swinging Strike
0-1: Ball
1-1: Ball
2-1: Bunt missed!
2-2: Strikes out swinging
Batting: RHB José Gómez 0-0: Called Strike
0-1: Ground out 1-3 (Groundball, 15)
Batting: LHB Jim Jensen 0-0: Called Strike
0-1: Ball
1-1: Swinging Strike
1-2: Ball
2-2: Ball
3-2: Base on Balls
Batting: RHB Carlos MacKinney 0-0: Called Strike
0-1: Foul Ball, location: 2F
0-2: Foul Ball, location: 2F
0-2: Ball
1-2: Ball
2-2: Strikes out looking
Top of the 1st over - 0 run(s), 0 hit(s), 0 error(s), 1 left on base; Bismark 0 - Moose Jaw 0
BOTTOM OF THE 1ST
Moose Jaw Ghostbusters batting - Pitching for Bismark Border Guards : RHP Jaime Espinoza
Pitching: RHP Jaime Espinoza
Batting: LHB Dave Stewart 0-0: Called Strike
0-1: Foul Ball, location: 2F
0-2: SINGLE (Line Drive, 6D)
Batting: LHB Will Vale 0-0: Called Strike
0-1: Called Strike
0-2: Fielders Choice at 2nd, 5-4 (Groundball, 5L)
Batting: RHB Earl Wiggins 0-0: Ground out 4-3 (Groundball, 4M)
Will Vale to second
Batting: RHB Paco Hernández 0-0: Called Strike
0-1: Ball
1-1: Ball
2-1: SINGLE (Line Drive, 6MD)
Will Vale to third
Batting: LHB Bartolo Villanueva 0-0: Ball
1-0: Ball
2-0: Fly out, F8 (Flyball, 8RM)
Bottom of the 1st over - 0 run(s), 2 hit(s), 0 error(s), 2 left on base; Bismark 0 - Moose Jaw 0
TOP OF THE 2ND
Bismark Border Guards batting - Pitching for Moose Jaw Ghostbusters : RHP Rod Walters
Batting: RHB Mike Wright 0-0: Called Strike
0-1: Ground out 5-3 (Groundball, 56)
Batting: LHB Nelson Peña 0-0: Foul Ball, location: 2F
0-1: Swinging Strike
0-2: Ball
1-2: Strikes out swinging
Batting: RHB Vincent Fields 0-0: Ball
1-0: Swinging Strike
1-1: Foul Ball, location: 2F
1-2: Strikes out swinging
Top of the 2nd over - 0 run(s), 0 hit(s), 0 error(s), 0 left on base; Bismark 0 - Moose Jaw 0
BOTTOM OF THE 2ND
Moose Jaw Ghostbusters batting - Pitching for Bismark Border Guards : RHP Jaime Espinoza
Batting: RHB Luis Miguel Sánchez 0-0: Called Strike
0-1: Ball
1-1: Ground out 5-3 (Groundball, 15S)
Batting: RHB John Major 0-0: Called Strike
0-1: Ball
1-1: Swinging Strike
1-2: Ball
2-2: Ball
3-2: Strikes out looking
Batting: RHB Domingo Matos 0-0: Reached on error, E6 (Groundball, 6M)
Batting: LHB Carlos López 0-0: Called Strike
0-1: Ball
1-1: Ball
2-1: Called Strike
2-2: Foul Ball, location: 2F
2-2: Foul Ball, location: 2F
2-2: Ball
3-2: Strikes out swinging
Bottom of the 2nd over - 0 run(s), 0 hit(s), 1 error(s), 1 left on base; Bismark 0 - Moose Jaw 0
TOP OF THE 3RD
Bismark Border Guards batting - Pitching for Moose Jaw Ghostbusters : RHP Rod Walters
Batting: RHB Enrico Rodríguez 0-0: Ball
1-0: Foul Ball, location: 2F
1-1: Ground out 4-3 (Groundball, 4M)
Batting: RHB Brennan Yates 0-0: Swinging Strike
0-1: Fly out, F8 (Flyball, 8LS)
Batting: LHB Juan Viera 0-0: Ball
1-0: SINGLE (Groundball, 3L) (infield hit)
Batting: RHB José Gómez 0-0: Ball
1-0: Called Strike
1-1: Ground out 5-3 (Groundball, 56S)
Top of the 3rd over - 0 run(s), 1 hit(s), 0 error(s), 1 left on base; Bismark 0 - Moose Jaw 0
BOTTOM OF THE 3RD
Moose Jaw Ghostbusters batting - Pitching for Bismark Border Guards : RHP Jaime Espinoza
Batting: LHB Dave Stewart 0-0: Ground out 4-3 (Groundball, 34)
Batting: LHB Will Vale 0-0: TRIPLE (Popup, 5D)
Batting: RHB Earl Wiggins 0-0: Called Strike
0-1: Ground out 6-3 (Groundball, 6M)
Will Vale scores
Batting: RHB Paco Hernández 0-0: SINGLE (Groundball, 34D)
Batting: LHB Bartolo Villanueva 0-0: Ball
1-0: Ball
2-0: Called Strike
2-1: Foul Ball, location: 2F
2-2: Strikes out swinging
Bottom of the 3rd over - 1 run(s), 2 hit(s), 0 error(s), 1 left on base; Bismark 0 - Moose Jaw 1
TOP OF THE 4TH
Bismark Border Guards batting - Pitching for Moose Jaw Ghostbusters : RHP Rod Walters
Batting: LHB Jim Jensen 0-0: SINGLE (Groundball, 56)
Batting: RHB Carlos MacKinney 0-0: Foul Ball, location: 2F
0-1: Called Strike
0-2: Foul Ball, location: 2F
0-2: Strikes out swinging
Batting: RHB Mike Wright 0-0: Foul Ball, location: 2F
0-1: Ball
1-1: Foul Ball, location: 2F
1-2: Foul Ball, location: 2F
1-2: Strikes out looking
Batting: LHB Nelson Peña 0-0: Foul Ball, location: 2F
0-1: Ball
1-1: Swinging Strike
1-2: Strikes out looking
Top of the 4th over - 0 run(s), 1 hit(s), 0 error(s), 1 left on base; Bismark 0 - Moose Jaw 1
BOTTOM OF THE 4TH
Moose Jaw Ghostbusters batting - Pitching for Bismark Border Guards : RHP Jaime Espinoza
Batting: RHB Luis Miguel Sánchez 0-0: Swinging Strike
0-1: Fly out, F9 (Flyball, 89D)
Batting: RHB John Major 0-0: DOUBLE (Line Drive, 8RS)
Batting: RHB Domingo Matos 0-0: Ball
1-0: Ball
2-0: Called Strike
2-1: Foul Ball, location: 2F
2-2: Foul Ball, location: 2F
2-2: Foul Ball, location: 2F
2-2: Ball
3-2: Base on Balls
Batting: LHB Carlos López 0-0: Called Strike
0-1: Ball
1-1: Ball
2-1: Called Strike
2-2: SINGLE (Line Drive, 7S)
John Major to third
Domingo Matos to second
Batting: LHB Dave Stewart 0-0: Called Strike
0-1: Ball
1-1: Foul Ball, location: 2F
1-2: Ball
2-2: Foul Ball, location: 2F
2-2: Grounds into double play, U4-3 (Groundball, 4)
Bottom of the 4th over - 0 run(s), 2 hit(s), 0 error(s), 2 left on base; Bismark 0 - Moose Jaw 1
TOP OF THE 5TH
Bismark Border Guards batting - Pitching for Moose Jaw Ghostbusters : RHP Rod Walters
Batting: RHB Vincent Fields 0-0: Foul Ball, location: 2F
0-1: Foul Ball, location: 2F
0-2: Ball
1-2: Ball
2-2: Ground out 6-3 (Groundball, 6)
Batting: RHB Enrico Rodríguez 0-0: SINGLE (Groundball, 34D)
Batting: RHB Brennan Yates 0-0: Called Strike
0-1: Foul Ball, location: 2F
0-2: Strikes out swinging
Batting: LHB Juan Viera 0-0: Ball
1-0: Ball
2-0: Ball
3-0: Base on Balls
Enrico Rodríguez to second
Batting: RHB José Gómez 0-0: Ball
1-0: Swinging Strike
1-1: Swinging Strike
1-2: Ball
2-2: Ball
3-2: Strikes out looking
Top of the 5th over - 0 run(s), 1 hit(s), 0 error(s), 2 left on base; Bismark 0 - Moose Jaw 1
BOTTOM OF THE 5TH
Moose Jaw Ghostbusters batting - Pitching for Bismark Border Guards : RHP Jaime Espinoza
Batting: LHB Will Vale 0-0: Ball
1-0: Ball
2-0: Ball
3-0: Called Strike
3-1: Fly out, F6 (Popup, 5)
Batting: RHB Earl Wiggins 0-0: Ball
1-0: Swinging Strike
1-1: Called Strike
1-2: Ball
2-2: Reached on error, E6 (Groundball, 6M)
Batting: RHB Paco Hernández 0-0: Ball
1-0: Ball
2-0: Called Strike
2-1: Ball
3-1: Foul Ball, location: 2F
3-2: Strikes out looking
Batting: LHB Bartolo Villanueva 0-0: Ball
1-0: Ball
2-0: Ball
3-0: Base on Balls
Earl Wiggins to second
Batting: RHB Luis Miguel Sánchez 0-0: Called Strike
0-1: 3-RUN HOME RUN (Flyball, 7D), Distance : 386 ft
Batting: RHB John Major 0-0: Called Strike
0-1: SINGLE (Flyball, 89S)
Batting: RHB Domingo Matos 0-0: Ball
1-0: Ball
2-0: SINGLE (Line Drive, 89S)
John Major to second
Batting: LHB Carlos López 0-0: Called Strike
0-1: Ball
1-1: Ball
2-1: Ball
3-1: Base on Balls
John Major to third
Domingo Matos to second
Pitching: RHP Júlio Quintana
Batting: LHB Dave Stewart 0-0: Ball
1-0: Called Strike
1-1: Ball
2-1: Ball
3-1: Swinging Strike
3-2: Base on Balls
John Major scores
Domingo Matos to third
Carlos López to second
Batting: LHB Will Vale 0-0: GRAND SLAM HOME RUN (Flyball, 89XD), Distance : 381 ft
Batting: RHB Earl Wiggins 0-0: Ground out 6-3 (Groundball, 6)
Bottom of the 5th over - 8 run(s), 4 hit(s), 1 error(s), 0 left on base; Bismark 0 - Moose Jaw 9
TOP OF THE 6TH
Bismark Border Guards batting - Pitching for Moose Jaw Ghostbusters : RHP Rod Walters
Batting: LHB Jim Jensen 0-0: Called Strike
0-1: Ball
1-1: Ball
2-1: Ball
3-1: Foul Ball, location: 2F
3-2: Ground out 4-3 (Groundball, 34)
Batting: RHB Carlos MacKinney 0-0: Ball
1-0: Called Strike
1-1: Ground out 5-3 (Groundball, 56S)
Batting: RHB Mike Wright 0-0: Ball
1-0: Foul Ball, location: 2F
1-1: Ball
2-1: Ball
3-1: Foul Ball, location: 2F
3-2: Base on Balls
Batting: LHB Nelson Peña 0-0: Ball
1-0: Ball
2-0: Swinging Strike
2-1: Fly out, F8 (Flyball, 8LM)
Top of the 6th over - 0 run(s), 0 hit(s), 0 error(s), 1 left on base; Bismark 0 - Moose Jaw 9
BOTTOM OF THE 6TH
Moose Jaw Ghostbusters batting - Pitching for Bismark Border Guards : RHP Júlio Quintana
Batting: RHB Paco Hernández 0-0: Fly out, F9 (Line Drive, 89M)
Batting: LHB Bartolo Villanueva 0-0: Called Strike
0-1: Swinging Strike
0-2: Fly out, F6 (Popup, 5D)
Batting: RHB Luis Miguel Sánchez 0-0: Foul Ball, location: 2F
0-1: Fly out, F4 (Popup, 4)
Bottom of the 6th over - 0 run(s), 0 hit(s), 0 error(s), 0 left on base; Bismark 0 - Moose Jaw 9
TOP OF THE 7TH
Bismark Border Guards batting - Pitching for Moose Jaw Ghostbusters : RHP Rod Walters
Batting: RHB Vincent Fields 0-0: Ground out 4-3 (Groundball, 4MS)
Batting: RHB Enrico Rodríguez 0-0: Called Strike
0-1: Ball
1-1: Foul Ball, location: 2F
1-2: SINGLE (Groundball, 56D)
Pitching: RHP Bill Jones
Batting: RHB Brennan Yates 0-0: Ball
Enrico Rodríguez is caught stealing 2nd base
1-0: Ground out 4-3 (Groundball, 4)
Top of the 7th over - 0 run(s), 1 hit(s), 0 error(s), 0 left on base; Bismark 0 - Moose Jaw 9
BOTTOM OF THE 7TH
Moose Jaw Ghostbusters batting - Pitching for Bismark Border Guards : RHP Júlio Quintana
Batting: RHB John Major 0-0: Called Strike
0-1: Ball
1-1: Foul Ball, location: 2F
1-2: Fly out, F8 (Flyball, 8RXD)
Batting: RHB Domingo Matos 0-0: Called Strike
0-1: Foul Ball, location: 2F
0-2: Ball
1-2: Ball
2-2: Strikes out swinging
Batting: LHB Carlos López 0-0: Called Strike
0-1: Ball
1-1: Reached on error, E1 (Groundball, 15)
Batting: LHB Dave Stewart 0-0: Ball
1-0: Called Strike
1-1: Called Strike
1-2: Fly out, F8 (Line Drive, 8LM)
Bottom of the 7th over - 0 run(s), 0 hit(s), 1 error(s), 1 left on base; Bismark 0 - Moose Jaw 9
TOP OF THE 8TH
Bismark Border Guards batting - Pitching for Moose Jaw Ghostbusters : RHP Bill Jones
Pinch Hitting: LHB Colin Ives 0-0: Ball
1-0: Ball
2-0: Ball
3-0: Called Strike
3-1: Base on Balls
Batting: RHB José Gómez 0-0: Fly out, F9 (Flyball, 9M)
0-0: Fly out, F9 (Flyball, 9M)
Batting: LHB Jim Jensen 0-0: Ball
1-0: Ball
2-0: Called Strike
2-1: Foul Ball, location: 2F
2-2: Ball
3-2: Ground out 6-3 (Groundball, 6M)
Colin Ives to second
Batting: RHB Carlos MacKinney 0-0: Called Strike
0-1: Foul Ball, location: 2F
0-2: Strikes out looking
Top of the 8th over - 0 run(s), 0 hit(s), 0 error(s), 1 left on base; Bismark 0 - Moose Jaw 9
BOTTOM OF THE 8TH
Moose Jaw Ghostbusters batting - Pitching for Bismark Border Guards : RHP Júlio Quintana
Pitching: RHP Cody White
Now in CF: Colin Ives
Batting: LHB Will Vale 0-0: Ball
1-0: Foul Ball, location: 2F
1-1: Fly out, F2 (Popup, 2RF)
Batting: RHB Earl Wiggins 0-0: Ball
1-0: Ball
2-0: Ball
3-0: Base on Balls
Batting: RHB Paco Hernández 0-0: Called Strike
0-1: Foul Ball, location: 2F
0-2: Ball
1-2: Ball
2-2: Strikes out swinging
Batting: LHB Bartolo Villanueva 0-0: Called Strike
0-1: Swinging Strike
0-2: SINGLE (Groundball, 5L)
Earl Wiggins to second
Batting: RHB Luis Miguel Sánchez 0-0: Ball
1-0: SINGLE (Line Drive, 9S)
Earl Wiggins to third
Bartolo Villanueva to second
Runner from 3rd tries for Home, SAFE, no throw or cutoff
Batting: RHB John Major 0-0: Ball
1-0: Ball
2-0: Called Strike
2-1: Foul Ball, location: 2F
2-2: Foul Ball, location: 2F
2-2: Strikes out swinging
Bottom of the 8th over - 1 run(s), 2 hit(s), 0 error(s), 2 left on base; Bismark 0 - Moose Jaw 10
TOP OF THE 9TH
Bismark Border Guards batting - Pitching for Moose Jaw Ghostbusters : RHP Bill Jones
Batting: RHB Mike Wright 0-0: Foul Ball, location: 2F
0-1: Foul Ball, location: 2F
0-2: Ball
1-2: Strikes out swinging
Batting: LHB Nelson Peña 0-0: Called Strike
0-1: Swinging Strike
0-2: Ball
1-2: Ball
2-2: Ground out 1-3 (Groundball, 15)
Batting: RHB Vincent Fields 0-0: Called Strike
0-1: Called Strike
0-2: Ball
1-2: Strikes out looking
Top of the 9th over - 0 run(s), 0 hit(s), 0 error(s), 0 left on base; Bismark 0 - Moose Jaw 10
This league is powered by Out of the Park Baseball, the baseball management simulation game for PC, Mac and Linux
Wednesday, December 2nd, 2015 - OOTP Baseball 16.8 Build 38